 Dungeon Crawl Stone Soup version 0.22-a0-750-ga7dcef7 (webtiles) character file.

58 Hebeh the Firebug (level 3, 0/19 HPs)
             Began as a Deep Elf Fire Elementalist on July 15, 2018.
             Slain by a jackal (2 damage)
             ... on level 2 of the Dungeon.
             The game lasted 00:04:52 (959 turns).

Hebeh the Firebug (Deep Elf Fire Elementalist)       Turns: 959, Time: 00:04:53

Health: 0/19       AC:  2    Str:  2    XL:     3   Next: 75%
Magic:  1/10       EV: 13    Int: 20    God:
Gold:   0          SH:  0    Dex: 15    Spells: 8/9 levels left

rFire    + . .     SeeInvis .   a - +1 dagger (flame)
rCold    x . .     Gourm    .   (no shield)
rNeg     . . .     Faith    .   n - +0 robe
rPois    .         Spirit   .   (no helmet)
rElec    .         Reflect  .   (no cloak)
rCorr    .         Harm     .   (no gloves)
MR       .....                  (no boots)
Stlth    ++........             (no amulet)
HPRegen  0.06/turn              g - ring of fire
MPRegen  0.12/turn              l - -3 ring of strength (curse)

@: lethally poisoned (0 -> -3)
A: no striking features
a: no special abilities


You were on level 2 of the Dungeon.
You were not hungry.

You visited 1 branch of the dungeon, and saw 2 of its levels.

Inventory:

Hand Weapons
 a - a +1 dagger of flaming (weapon)
 b - a +0 hunting sling
 o - a +0 short sword
Armour
 n - a +0 robe (worn)
Jewellery
 g - a ring of fire (left hand)
 l - a cursed -3 ring of strength (right hand)
Scrolls
 d - a scroll of amnesia {unknown}
 f - 3 scrolls of identify {unknown}
 i - a scroll of magic mapping {unknown}
 m - a scroll of fear {unknown}
Potions
 k - a potion of brilliance {unknown}
Comestibles
 c - 6 rations
 j - 5 chunks of flesh


   Skills:
 - Level 2.4 Dodging
 - Level 2.4 Stealth
 + Level 3.8 Spellcasting
 * Level 3.0 Conjurations
 + Level 3.8 Fire Magic


You had 8 spell levels left.
You knew the following spells:

 Your Spells              Type           Power        Failure   Level  Hunger
a - Flame Tongue          Conj/Fire      ####.        3%          1    None

Your spell library contained the following spells:

 Spells                   Type           Power        Failure   Level  Hunger
 Fireball                 Conj/Fire      ####......   65%         5    ######.
 Conjure Flame            Conj/Fire      ####....     10%         3    ###....
 Throw Flame              Conj/Fire      ####..       4%          2    ##.....
 Sticky Flame             Conj/Fire      ####....     32%         4    ####...
 Inner Flame              Hex/Fire       ###.....     19%         3    ###....


Dungeon Overview and Level Annotations

Branches:
Dungeon (2/15)

Altars:


Message History

It was a potion of curing.
You feel better. The jackal bites you. The adder misses you.
The jackal closely misses you.
Casting: Flame Tongue (safe; 3% risk of failure)
Confirm with . or Enter, or press ? or * to list all spells.
Aiming: Flame Tongue (safe; 3% risk of failure)
Press: ? - help, Shift-Dir - straight line, f/p - jackal
Aim: a jackal (severely wounded)
You feel a surge of power!
The flame tongue hits the jackal.
You kill the jackal!
Your Conjurations skill increases to level 3!
The jackal bites you but does no damage.
The adder bites you.
You are poisoned.
The adder poisons you! The jackal bites you. The adder barely misses you.
You completely miss the jackal.
You feel sick. The jackal closely misses you. The jackal misses you.
The adder bites you.
* * * LOW HITPOINT WARNING * * *
The jackal misses you.
You barely miss the jackal. The jackal bites you.
You die...

###.##....... #......#
... #...<..##...#
#.........# #......####
# #......# #.
#......#####.(.
#####.#######hh..†).(.(
............S@######...
####...#######
###.<...# #####.#


You could see an adder and 2 jackals.

Vanquished Creatures
  An adder (D:2)
  2 oozes (D:1)
  A dart slug (D:2)
  A leopard gecko (D:1)
  2 giant cockroaches (D:1)
  3 goblins (D:1)
  4 hobgoblins
  7 jackals
  4 kobolds
  2 ball pythons (D:1)
  5 bats
  4 rats (D:1)
36 creatures vanquished.

Notes
Turn   | Place    | Note
-------+----------+-------------------------------------------
     0 | D:1      | Hebeh the Deep Elf Fire Elementalist began the quest for the Orb.
     0 | D:1      | Reached XP level 1. HP: 10/10 MP: 6/6
   107 | D:1      | Reached XP level 2. HP: 15/15 MP: 5/8
   565 | D:1      | Reached XP level 3. HP: 17/19 MP: 5/10
   959 | D:2      | Slain by a jackal

Vault maps used:
D:1:      mrwooster_arrival_statue_3, minmay_close_crescents
D:2:      nicolae_overflow_crystal_walls

Skill      XL: |  1  2  3 |
---------------+----------+-----
Conjurations   | 2 3 |  3.0
Dodging        | |  2.4
Stealth        | |  2.4
Spellcasting   | |  3.8
Fire Magic     | |  3.8

Action                   || total
-------------------------++-------
Melee: Dagger            ||     9
 Fire: Hunting sling     ||    10
Throw: Stone             ||     4
 Cast: Flame Tongue      ||    61
  Use: Potion            ||     1
Armor: Robe              ||    13
Dodge: Dodged            ||    43

Table legend:
 A = Spawn XP
 B = Non-spawn XP
 C = Spawn XP percentage of total XP
 D = Spawn monster count
 E = Non-spawn monster count
 F = Spawn count percentage of total count
 G = Total turns spent on level
                    A         B        C        D         E        F      G
               +---------+---------+-------+---------+---------+-------+---------
         Total |       0 |      83 |   0.0 |       0 |      36 |   0.0 |   959
               +---------+---------+-------+---------+---------+-------+---------
           D:1 |       0 |      58 |   0.0 |       0 |      29 |   0.0 |   887
           D:2 |       0 |      25 |   0.0 |       0 |       7 |   0.0 |    72
               +---------+---------+-------+---------+---------+-------+---------
